 Dungeon Crawl Stone Soup version 0.30-b1-2-g02819fbbbe (webtiles) character file.

Game seed: 10951046846868696851

4 Arcadio the Ruffian (level 1, -1/16 HPs)
             Began as a Draconian Transmuter on May 8, 2023.
             Slain by a gnoll
             ... wielding a +0 spear
              (5 damage)
             ... on level 1 of the Dungeon.
             The game lasted 00:00:59 (260 turns).

Arcadio the Ruffian (Draconian Transmuter)           Turns: 260, Time: 00:01:00

Health: -1/16      AC:  4    Str: 12    XL:     1   Next: 58%
Magic:  2/3        EV: 12    Int: 13    God:
Gold:   6          SH:  0    Dex: 11    Spells: 3/4 levels left

rFire   . .          .
                       - Unarmed
rCold   . . .        (no shield)
rNeg    . . .        (body armour unavailable)
rPois   .            (helmet currently unavailable)
rElec   .            (no cloak)
rCorr   .            (no gloves)
SInv    .            (boots currently unavailable)
Will    .....        (no amulet)
Stlth   +            (no ring)
HPRegen 0.22/turn    (no ring)
MPRegen 0.08/turn

%: no passive effects
@: appendages (expiring)
A: horns 2, talons 2, AC +4, unfitting armour, cold-blooded
a: End Transformation


You were on level 1 of the Dungeon.
You had temporarily grown beastly horns and talons.
You visited 1 branch of the dungeon, and saw 1 of its levels.

You collected 6 gold pieces.

Inventory:

Potions
 a - a potion of lignification
 b - 2 potions of degeneration {unknown}
 c - 2 potions of mutation {unknown}


   Skills:
 + Level 1.2 Fighting
 + Level 1.8 Dodging
 + Level 3.0 Unarmed Combat
 + Level 2.0 Spellcasting
 + Level 2.1 Transmutations


You had 3 spell levels left.
You knew the following spells:

 Your Spells              Type           Power      Damage    Failure   Level
a - Beastly Appendage     Tmut           12%        N/A       11%         1

Your spell library contained the following spells:

 Spells                   Type           Power      Damage    Failure   Level
 Wereblood                Tmut           6%         N/A       16%         2
 Spider Form              Tmut/Pois      4%         N/A       45%         3
 Ice Form                 Ice/Tmut       4%         N/A       86%         4


Dungeon Overview and Level Annotations

Branches:
Dungeon (1/15) Zot: 5737

Altars:


Innate Abilities, Weirdness & Mutations

You have temporarily grown beastly horns and talons.
Your plain brown scales are hard. (AC +4)
You cannot fit into any form of body armour.
You are cold-blooded and may be slowed by cold attacks.


Message History

The bat hits you but does no damage. The bat barely misses you.
The bat closely misses you.
You closely miss the bat.
The bat is moderately wounded.
The bat closely misses you.
You hit the bat but do no damage.
The bat is moderately wounded.
The bat hits you. The bat hits you but does no damage.
The bat barely misses you.
You hit the bat but do no damage. You headbutt the bat.
You kill the bat!
Your horns disappear.
Your talons disappear.
You see here a bat corpse.
Found a faded altar of an unknown god.
There is a faded altar of an unknown god here.
You see here a -3 spear.
This altar belongs to (a) Xom, (b) Trog or (c) Yredelemnul, but you can't tell which.
Press the corresponding letter to learn more about a god, or press enter to convert or escape to cancel.
Okay, then.
There is a faded altar of an unknown god here.
You see here a -3 spear.
You see here a bat corpse.
A gnoll comes into view. It is wielding a +0 spear.
The gnoll shouts!
The gnoll hits you from afar with a +0 spear.
Casting: Beastly Appendage (safe; 11% risk of failure)
Confirm with . or Enter, or press ? or * to list all spells.
You grow a pair of large bovine horns.
Your feet morph into talons.
The gnoll hits you from afar with a +0 spear.
Your transformation is almost over.
The gnoll closely misses you.
You closely miss the gnoll. You claw the gnoll.
The gnoll is moderately wounded.
The gnoll closely misses you.
You barely miss the gnoll. You headbutt the gnoll.
The gnoll is almost dead.
The gnoll hits you with a +0 spear.
You hit the gnoll but do no damage.
The gnoll is almost dead.
The gnoll hits you with a +0 spear.
You die...

##. ..# # .. ..#.#
#. # ###....# #.
###...## #.
.......#.#. #.
###........ #. #
#.##.#.#. #. # #.#
(# # #.### # #.# .
#g@.# #
#.####.########.##
###................#
...................#
.........########.##
#.######### #.# #.#
...# #.# #.# #..#
#.# ..# #..# #.#


You could see a gnoll.

Vanquished Creatures
  2 bats (D:1)
  An endoplasm (D:1)
  A kobold (D:1)
4 creatures vanquished.

Notes
Turn   | Place    | Note
-------+----------+-------------------------------------------
     0 | D:1      | Arcadio the Draconian Transmuter began the quest for the
                  | Orb.
     0 | D:1      | Reached XP level 1. HP: 16/16 MP: 3/3
   202 | D:1      | Found a faded altar of an unknown god.
   260 | D:1      | Slain by a gnoll

Illustrated notes

Levels and vault maps discovered:
D:1:      wander_arrival_estate, layout_basic, ebering_ecumenical_altar_rust,
          serial_shops, shop, amcnicky_mini_rare_corridor_liquid

Action                     || total
---------------------------++-------
  Melee: Unarmed           ||    13
         Kick              ||     2
         Headbutt          ||     2
         Tailslap          ||     1
   Cast: Beastly Appendage ||     3
 Armour: Skin              ||     6
  Dodge: Dodged            ||    15
